 Dungeon Crawl Stone Soup version 0.28-a0-957-g42eb19b844 (webtiles) character file.

Game seed: 15758103711990837360

2 OptimalSoap the Chopper (level 1, 19/20 HPs)
             Began as a Minotaur Berserker on Nov 30, 2021.
             Was a Follower of Trog.
             Quit the game on level 1 of the Dungeon.
             The game lasted 00:03:31 (54 turns).

OptimalSoap the Chopper (Minotaur Berserker)          Turns: 54, Time: 00:03:32

Health: 19/20      AC:  2    Str: 21    XL:     1   Next: 25%
Magic:  0/0        EV: 12    Int:  4    God:    Trog [*.....]
Gold:   21         SH:  0    Dex:  9    Spells: 0/0 levels left

rFire   . . .      SeeInvis .   c - +0 war axe
rCold   . . .      Faith    .   (no shield)
rNeg    . . .      Spirit   .   b - +0 animal skin
rPois   .          Reflect  .   (helmet restricted)
rElec   .          Harm     .   (no cloak)
rCorr   .          Rampage  .   (no gloves)
Will    .....                   (no boots)
Stlth   +.........              (no amulet)
HPRegen 0.06/turn               (no ring)
MPRegen 0.07/turn               (no ring)

@: no status effects
A: horns 2, retaliatory headbutt
a: Renounce Religion, Berserk


You were on level 1 of the Dungeon.
You worshipped Trog.
Trog was aware of your devotion.
You visited 1 branch of the dungeon, and saw 1 of its levels.

You collected 21 gold pieces.

Inventory:

Hand Weapons
 c - a +0 war axe (weapon)
Armour
 b - a +0 animal skin (worn)


   Skills:
 - Level 3.6 Fighting
 + Level 3.7 Axes
 - Level 2.4 Armour
 - Level 2.2 Dodging


You couldn't memorise any spells.
You didn't know any spells.
Your spell library was empty.

Dungeon Overview and Level Annotations

Branches:
Dungeon (1/15)

Altars:


Innate Abilities, Weirdness & Mutations

You have a pair of horns on your head.
You reflexively headbutt those who attack you in melee.


Message History

Okay, then.
Okay, then.
You don't know any spells.
The elephant trumpets!
Found 6 gold pieces.
A kobold comes into view. It is wielding a +0 short sword.
The kobold shouts!
A bat comes into view.
Press: ? - help, v - describe, . - travel
Here: a kobold, wielding a +0 short sword and quivering stones The floor.
You closely miss the kobold. The kobold completely misses you.
You barely miss the kobold.
The kobold hits you with a +0 short sword.
The kobold hits you but does no damage.
You closely miss the kobold. The kobold closely misses you.
You barely miss the kobold. You headbutt the kobold.
You kill the kobold!
Trog accepts your kill.
Things that are here:
a +0 short sword; 2 stones; a kobold corpse Setting a skill training target for Axes at 14.0.
You start resting.
A bat is nearby!
Okay, then.
The bat hits you but does no damage.
You hit the bat.
You kill the bat!
Trog accepts your kill.
You now have 6 gold pieces.
You see here a bat corpse.
Found 15 gold pieces.
Found a war axe.
You now have 21 gold pieces (gained 15).
You see here a +0 war axe.
c - a +0 war axe
c - a +0 war axe (weapon)
You drop a +0 hand axe.
Setting a skill training target for Axes at 16.0.
Are you sure you want to abandon this character and quit the game? (Confirm with "yes".)

#.....#
#.....#
#.....#
#.....#
###.###
#.# #.#
#.# #@#
#.# #..
####


There were no monsters in sight!

Vanquished Creatures
  A kobold (D:1)
  A bat (D:1)
2 creatures vanquished.

Notes
Turn   | Place    | Note
-------+----------+-------------------------------------------
     0 | D:1      | OptimalSoap the Minotaur Berserker began the quest for the
                  | Orb.
     0 | D:1      | Reached XP level 1. HP: 19/19 MP: 0/0
     4 | D:1      | Noticed an elephant
     9 | D:1      | Noticed an elephant
    54 | D:1      | Quit the game

Illustrated notes

Levels and vault maps discovered:
D:1:      sevenhm_arrival_forest_fort_small_2, layout_loops_ring,
          minmay_misc_feat_four_crosses, st_stairs_11, minmay_misc_feat_hallway

Action                   || total
-------------------------++-------
Melee: Hand axe          ||     5
       Headbutt          ||     1
Armor: Animal skin       ||     2
Dodge: Dodged            ||     2

Table legend: (Time is in decaauts)
 A = Elapsed time spent in this place.
 B = Non-inter-level travel time spent in this place.
 C = Inter-level travel time spent in this place.
 D = Time resting spent in this place.
 E = Time spent auto-exploring this place.
 F = Levels seen in this place.
 G = Mean time per level.
                   A        B        C        D        E       F      G
               +--------+--------+--------+--------+--------+-----+--------+
         Total |     54 |     54 |      0 |      4 |      0 |   1 |   54.0 |
       Dungeon |     54 |     54 |      0 |      4 |      0 |   1 |   54.0 |
               +--------+--------+--------+--------+--------+-----+--------+

Top non-repeatable levels by time:
     D:1: 54 daAuts
